 Dungeon Crawl Stone Soup version 0.23.2 (webtiles) character file.

Game seed: 11202309922163791633

73 Freyura the Shield-Bearer (level 4, -4/29 HPs)
             Began as a Gargoyle Fighter on Apr 2, 2019.
             Slain by a scorpion (6 damage)
             ... on level 2 of the Dungeon.
             The game lasted 00:02:07 (867 turns).

Freyura the Shield-Bearer (Gargoyle Fighter)         Turns: 867, Time: 00:02:07

Health: -4/29      AC: 10    Str: 20    XL:     4   Next: 27%
Magic:  4/4        EV:  7    Int:  8    God:
Gold:   28         SH:  9    Dex: 10    Spells: 3/3 levels left

rFire    . . .     SeeInvis .   a - +0 flail
rCold    . . .     Gourm    .   c - +0 shield
rNeg     + . .     Faith    .   b - +0 scale mail
rPois    ∞         Spirit   .   (no helmet)
rElec    +         Reflect  .   (no cloak)
rCorr    .         Harm     .   (no gloves)
MR       .....                  (no boots)
Stlth    ..........             (no amulet)
HPRegen  0.09/turn              (no ring)
MPRegen  0.09/turn              (no ring)

@: no status effects
A: negative energy resistance 1, electricity resistance, unbreathing,
petrification resistance, rot immunity, AC +3
a: no special abilities


You were on level 2 of the Dungeon.
You were not hungry.

You visited 1 branch of the dungeon, and saw 2 of its levels.

You collected 28 gold pieces.

Inventory:

Hand Weapons
 a - a +0 flail (weapon)
Armour
 b - a +0 scale mail (worn)
 c - a +0 shield (worn)
Scrolls
 e - 6 scrolls of identify {unknown}
 g - a scroll of remove curse {unknown}
 i - a scroll of magic mapping {unknown}
Potions
 d - a potion of might
 h - a potion of flight {unknown}
 j - a potion of berserk rage {unknown}
Comestibles
 f - 4 rations


   Skills:
 + Level 3.8 Fighting
 * Level 3.1 Maces & Flails
 + Level 3.8 Armour
 + Level 3.8 Shields


You had 3 spell levels left.
You didn't know any spells.
Your spell library was empty.

Dungeon Overview and Level Annotations

Branches:
Dungeon (2/15)

Altars:
Xom


Innate Abilities, Weirdness & Mutations

You are resistant to torment.
Your stone body is resilient. (AC +3)
You are immune to poison.
You resist negative energy. (rN+)
You are resistant to electric shocks. (rElec)
You can survive without breathing.
You are immune to petrification.
You are immune to rotting.


Message History

You closely miss the scorpion. The scorpion closely misses you.
You closely miss the scorpion. You block the scorpion's attack.
You hit the scorpion.
The scorpion is moderately wounded.
The scorpion barely misses you. The scorpion closely misses you.
You closely miss the scorpion.
The scorpion is moderately wounded.
You block the scorpion's attack.
You hit the scorpion.
The scorpion is severely wounded.
You block the scorpion's attack.
You barely miss the scorpion.
The scorpion is severely wounded.
The scorpion barely misses you. The scorpion stings you.
* * * LOW HITPOINT WARNING * * *
Unknown command.
You barely miss the scorpion.
The scorpion is severely wounded.
The scorpion stings you.
You die...

................#
........#.......#
........#.......#
........#.......#
........#.......##.#
.....<..#.####.....#
.......#.####'######
..#.[#........#
......s@......#
#.............#
#..............#
#..............#
#####.....^^...#
#.....^_^.##
#.....^^^.#
...#+......


You could see a scorpion.

Vanquished Creatures
  Terence (D:2)
  An adder (D:2)
  A dart slug (D:1)
  3 giant cockroaches (D:1)
  5 goblins (D:1)
  3 hobgoblins
  8 jackals
  4 kobolds
  3 bats (D:1)
  3 frilled lizards (D:1)
  3 rats
35 creatures vanquished.

Notes
Turn   | Place    | Note
-------+----------+-------------------------------------------
     0 | D:1      | Freyura the Gargoyle Fighter began the quest for the Orb.
     0 | D:1      | Reached XP level 1. HP: 14/14 MP: 1/1
    47 | D:1      | Reached XP level 2. HP: 3/19 MP: 2/2
   536 | D:1      | Reached XP level 3. HP: 22/23 MP: 3/3
   842 | D:2      | Noticed Terence
   843 | D:2      | Found a shimmering altar of Xom.
   843 | D:2      | Noticed a scorpion
   854 | D:2      | Killed Terence
   854 | D:2      | Reached XP level 4. HP: 12/29 MP: 4/4
   867 | D:2      | Slain by a scorpion

Skill      XL: |  1  2  3 |
---------------+----------+-----
Maces & Flails | 3 |  3.1
Fighting       | |  3.8
Armour         | |  3.8
Shields        | |  3.8

Action                   |  1- 3 |  4- 6 || total
-------------------------+-------+-------++-------
Melee: Flail             |   149 |    12 ||   161
Armor: Scale mail        |   117 |     1 ||   118
Dodge: Dodged            |    78 |     8 ||    86
Block: Shield            |   105 |     3 ||   108
